 Dungeon Crawl Stone Soup version 0.26-a0-752-gcff87cac9a (webtiles) character file.

Game seed: 16942033538530698824

14503 lunkers the Geomancer (level 12, -13/92 HPs)
             Began as a Formicid Earth Elementalist on Nov 5, 2020.
             Was a Follower of Uskayaw.
             Mangled by a cyan very ugly thing (23 damage)
             ... on level 11 of the Dungeon on Nov 6, 2020.
             The game lasted 00:30:07 (16515 turns).

lunkers the Geomancer (FoEE)                       Turns: 16515, Time: 00:30:07

Health: -13/92     AC:  7    Str: 13    XL:     12   Next: 46%
Magic:  13/25      EV: 10    Int: 26    God:    Uskayaw [*.....]
Gold:   792        SH: 21    Dex: 11    Spells: 14/29 levels left

rFire    + . .     SeeInvis +   a - staff of earth
rCold    + . .     Faith    .   H - +0 tower shield
rNeg     . . .     Spirit   .   C - +0 robe {Archmagi}
rPois    .         Reflect  +   (helmet unavailable)
rElec    .         Harm     .   q - scarf {rC+ rF+}
rCorr    .         Rampage  .   v - +0 pair of gloves (curse)
MR       +....                  (no boots)
Stlth    ++........             A - amulet of reflection
HPRegen  0.25/turn              I - +4 ring of protection
MPRegen  0.19/turn              F - +6 ring of intelligence

@: no status effects
A: permanent stasis, dig shafts and tunnels, four strong arms, antennae 3
a: Dig, Shaft Self, Stomp, Renounce Religion


You were on level 11 of the Dungeon.
You worshipped Uskayaw.
Uskayaw was aware of your devotion.
You visited 1 branch of the dungeon, and saw 12 of its levels.

You collected 792 gold pieces.

Inventory:

Hand Weapons
 d - a +0 dagger
 r - a +0 flail of holy wrath
Missiles
 h - 218 stones (quivered)
Armour
 q - a scarf of resistance (worn)
 v - a cursed +0 pair of gloves (worn)
 C - a +0 robe of the Archmagi (worn)
 D - a +0 buckler
 H - a +0 tower shield (worn)
 O - the +1 leather armour of Wipouc {Str+3 Int-5 Slay+2}
   (You found it on level 9 of the Dungeon)

   It affects your strength (+3).
   It affects your intelligence (-5).
   It affects your accuracy and damage with ranged weapons and melee attacks
   (+2).
Magical Staves
 a - an uncursed staff of earth (weapon)
Jewellery
 e - an uncursed ring of poison resistance
 A - an amulet of reflection (around neck)
 F - a +6 ring of intelligence (right hand)
 I - a +4 ring of protection (left hand)
 N - an uncursed ring of ice
 R - a +4 ring of slaying
 S - a +6 ring of dexterity
 W - a +6 ring of dexterity
Wands
 c - a wand of iceblast (19)
 L - a wand of random effects (36)
 P - a wand of polymorph (19)
 Q - a wand of paralysis (6)
Scrolls
 b - 13 scrolls of identify {unknown}
 k - 3 scrolls of magic mapping {unknown}
 m - 8 scrolls of amnesia {unknown}
 n - 3 scrolls of noise {unknown}
 s - a scroll of fear {unknown}
 t - 7 scrolls of remove curse
 x - 5 scrolls of immolation {unknown}
 y - 3 scrolls of enchant armour {unknown}
 z - a scroll of teleportation {unknown}
 B - 2 scrolls of enchant weapon {unknown}
 E - 7 scrolls of fog
 G - a scroll of blinking {unknown}
 T - a scroll of torment {unknown}
 U - 3 scrolls of random uselessness {unknown}
Potions
 f - 4 potions of curing {unknown}
 g - a potion of flight {unknown}
 i - 2 potions of degeneration {unknown}
 j - 3 potions of lignification {unknown}
 l - 2 potions of might {unknown}
 o - a potion of attraction {unknown}
 p - a potion of invisibility {unknown}
 u - 2 potions of berserk rage {unknown}
 w - 2 potions of brilliance {unknown}
 J - a potion of heal wounds {unknown}
 K - a potion of mutation {unknown}
 M - a potion of magic {unknown}
Miscellaneous
 V - a phantom mirror


   Skills:
 + Level 7.6 Fighting
 - Level 1.7 Dodging
 - Level 2.4 Stealth
 * Level 10.8 Shields
 + Level 9.4 Spellcasting
 - Level 1.1 Transmutations
 - Level 13.0 Earth Magic
 + Level 8.0 Invocations


You had 14 spell levels left.
You knew the following spells:

 Your Spells              Type           Power        Failure   Level
a - Stone Arrow           Conj/Erth      ######       2%          3
b - Passwall              Tmut/Erth      #######.     1%          2
c - Sandblast             Erth           ######       1%          1
d - Lee's Rapid Deconstr  Erth           ########..   1%          5
e - Petrify               Tmut/Erth      #######.     6%          4

Your spell library contained the following spells:

 Spells                   Type           Power        Failure   Level
 Magic Dart               Conj           ###.         12%         1
 Call Imp                 Summ           ###.....     19%         2
 Slow                     Hex            ###.....     19%         2
 Conjure Flame            Conj/Fire      ###.....     34%         3
 Mephitic Cloud           Conj/Pois/Air  ###.....     34%         3
 Blink                    Tloc           Unusable     N/A         2

Dungeon Overview and Level Annotations

Branches:
Dungeon (12/15)            Temple (0/1) D:6            Lair (0/6) D:8
    Orc (0/2) D:11

Altars:
Dithmenos
Fedhas
Nemelex Xobeh
Ru
Sif Muna
Trog
Uskayaw
Yredelemnul

Shops:
D:11 [?


Innate Abilities, Weirdness & Mutations

You cannot be hasted, slowed, berserked, paralysed or teleported.
You can dig through walls and to a lower floor.
Your four strong arms can wield two-handed weapons with a shield.
You have a pair of large antennae on your head. (SInv)


Message History

Press: ? - help, Shift-Dir - straight line, f/p - cyan very ugly thing
Aim: a cyan very ugly thing (moderately wounded)
You feel a strong surge of power!
The stone arrow hits the cyan very ugly thing!
The cyan very ugly thing is heavily wounded.
The cyan very ugly thing barely misses you.
Unknown command.
Unknown command.
Casting: Stone Arrow (mildly dangerous; 2% risk of failure)
Confirm with . or Enter, or press ? or * to list all spells.
Aiming: Stone Arrow (mildly dangerous; 2% risk of failure)
Press: ? - help, Shift-Dir - straight line, f/p - cyan very ugly thing
Aim: a cyan very ugly thing (heavily wounded)
You feel a strong surge of power!
The stone arrow hits the cyan very ugly thing!
The cyan very ugly thing is severely wounded.
The cyan very ugly thing tentacle-slaps you!!
* * * LOW HITPOINT WARNING * * *
The cyan very ugly thing shocks you!!
You die...

#.# #.# #..# # #.#
#.# #..### #.# #.#
#.#... #.# #.#
#.#### #.# #.#
#..... #.###.###
###### #.......# #
#######.###.###### #
#..@u...# #......# #
#.#####.###.####.###
#.# #.....####....
##.## ##u...........
#...## #............
#....# #.........[.#
#....# #.....>.∩)..#
####.# #......[[...#
#.# #............


You could see a cyan very ugly thing.

Vanquished Creatures
  Gastronok (D:10)
  Erica (D:10)
  3 two-headed ogres
  An unseen horror (D:10)
  2 kobold demonologists (D:11)
  3 trolls
  A shadow (D:12)
  Sigmund (D:5)
  6 yaks (D:11)
  A wraith (D:11)
  3 wargs (D:8)
  An acid dragon (D:12)
  11 orc warriors
  A black bear (D:7)
  2 phantoms
  5 ice beasts
  A sky beast (D:7)
  An eye of draining (D:11)
  7 ogres
  2 necrophages (D:11)
  4 centaurs
  Blork the orc (D:5)
  4 big kobolds
  10 bullfrogs
  A gnoll sergeant (D:6)
  A wyvern zombie (D:6)
  4 scorpions
  3 wights (D:11)
  5 howler monkeys
  3 centaur zombies
  3 bullfrog zombies
  A centaur skeleton (D:9)
  5 hounds
  8 orc priests
  10 orc wizards
  6 bullfrog skeletons
  Jessica (D:7)
  Terence (D:2)
  5 iguanas
  7 worker ants
  2 hound skeletons
  16 gnolls
  A worker ant zombie (D:4)
  15 adders
  2 white imps
  2 ufetubi (D:8)
  2 oozes (D:4)
  3 worms
  4 adder skeletons
  3 dart slugs
  18 leopard geckos
  43 orcs
  3 giant cockroaches
  10 goblins
  2 hobgoblins (D:1)
  16 jackals
  16 kobolds
  9 quokkas
  A ball python zombie (D:4)
  4 bats
  5 frilled lizards
  3 jackal zombies
  A leopard gecko skeleton (D:4)
  A leopard gecko zombie (D:7)
  4 quokka zombies
  8 rats
331 creatures vanquished.

Vanquished Creatures (others)
  A kobold (D:11)
  A plant (D:8)
  3 withered plants (D:4)
5 creatures vanquished.

Grand Total: 336 creatures vanquished

Notes
Turn   | Place    | Note
-------+----------+-------------------------------------------
     0 | D:1      | lunkers the Formicid Earth Elementalist began the quest for
                  | the Orb.
     0 | D:1      | Reached XP level 1. HP: 13/13 MP: 3/3
   210 | D:1      | Reached skill level 4 in Earth Magic
   210 | D:1      | Reached XP level 2. HP: 10/19 MP: 0/5
   416 | D:1      | Reached XP level 3. HP: 24/24 MP: 4/7
  1569 | D:2      | Reached skill level 5 in Earth Magic
  1569 | D:2      | Reached XP level 4. HP: 15/30 MP: 6/8
  2251 | D:2      | Noticed Terence
  2285 | D:2      | Killed Terence
  2552 | D:2      | Reached XP level 5. HP: 35/35 MP: 6/9
  2712 | D:2      | Found a hide-covered altar of Uskayaw.
  2938 | D:2      | Became a worshipper of Uskayaw the Reveler
  3026 | D:3      | Reached skill level 6 in Earth Magic
  3154 | D:3      | Reached * piety under Uskayaw
  3819 | D:3      | Found a blossoming altar of Fedhas.
  3820 | D:3      | Found a sacrificial altar of Ru.
  3956 | D:3      | Found a shadowy altar of Dithmenos.
  3997 | D:3      | Reached ** piety under Uskayaw
  4000 | D:3      | Reached XP level 6. HP: 28/41 MP: 4/11
  4147 | D:4      | Reached *** piety under Uskayaw
  4153 | D:4      | Reached skill level 7 in Earth Magic
  4417 | D:4      | Reached XP level 7. HP: 30/46 MP: 4/13
  4417 | D:4      | Reached **** piety under Uskayaw
  4422 | D:4      | Reached ***** piety under Uskayaw
  4446 | D:4      | Reached skill level 8 in Earth Magic
  5274 | D:4      | Reached skill level 5 in Spellcasting
  5276 | D:4      | Reached skill level 9 in Earth Magic
  5276 | D:4      | Reached XP level 8. HP: 47/52 MP: 5/15
  5422 | D:4      | Found a sparkling altar of Nemelex Xobeh.
  5488 | D:4      | Learned a level 2 spell: Passwall
  5492 | D:4      | Learned a level 3 spell: Stone Arrow
  5498 | D:4      | Learned a level 5 spell: Lee's Rapid Deconstruction
  5503 | D:4      | Learned a level 4 spell: Petrify
  5521 | D:5      | Entered Level 5 of the Dungeon
  5703 | D:5      | Noticed Sigmund
  5705 | D:5      | Noticed Blork the orc
  5724 | D:5      | Killed Blork the orc
  5726 | D:5      | Killed Sigmund
  5726 | D:5      | Reached skill level 10 in Earth Magic
  6226 | D:5      | Reached skill level 1 in Shields
  6645 | D:6      | Reached XP level 9. HP: 55/57 MP: 2/18
  6877 | D:6      | Reached skill level 1 in Fighting
  7113 | D:5      | Reached skill level 11 in Earth Magic
  7432 | D:6      | Reached skill level 1 in Invocations
  8105 | D:6      | Found a staircase to the Ecumenical Temple.
  9256 | D:7      | Reached XP level 10. HP: 71/71 MP: 1/20
  9430 | D:7      | Noticed Jessica
  9434 | D:7      | Killed Jessica
  9462 | D:7      | Found a shimmering blue altar of Sif Muna.
  9627 | D:7      | Found a bloodstained altar of Trog.
  9902 | D:8      | Found a staircase to the Lair.
 10047 | D:8      | Reached skill level 5 in Shields
 10493 | D:8      | Noticed a two-headed ogre
 10501 | D:8      | Killed a two-headed ogre
 10501 | D:8      | Reached skill level 12 in Earth Magic
 11022 | D:8      | Reached skill level 5 in Invocations
 11151 | D:8      | Found a basalt altar of Yredelemnul.
 11161 | D:8      | Reached skill level 5 in Fighting
 11661 | D:9      | Got a fine leather armour
 11994 | D:9      | Noticed a two-headed ogre
 11999 | D:9      | Killed a two-headed ogre
 11999 | D:9      | Reached XP level 11. HP: 80/80 MP: 10/23
 12199 | D:9      | Noticed a two-headed ogre
 12204 | D:9      | Killed a two-headed ogre
 12579 | D:9      | Identified the +1 leather armour of Wipouc {Str+3 Int-5
                  | Slay+2} (You found it on level 9 of the Dungeon)
 12617 | D:10     | Entered Level 10 of the Dungeon
 12643 | D:10     | Noticed Gastronok
 12655 | D:10     | Killed Gastronok
 12805 | D:10     | Noticed Erica
 12822 | D:10     | Killed Erica
 13195 | D:10     | Noticed an unseen horror
 13208 | D:10     | Killed an unseen horror
 13780 | D:11     | Upgraded the game from 0.26-a0-739-gf55cbd344a to
                  | 0.26-a0-752-gcff87cac9a
 13941 | D:11     | Found Nausabymn's Magic Scroll Shoppe.
 13987 | D:11     | Reached XP level 12. HP: 89/89 MP: 4/25
 14106 | D:11     | Found Jishreufo's Armour Boutique.
 14108 | D:11     | Found a staircase to the Orcish Mines.
 14496 | D:11     | Reached skill level 10 in Shields
 14577 | D:11     | Reached skill level 13 in Earth Magic
 16409 | D:12     | Noticed a cyan very ugly thing
 16515 | D:11     | Mangled by a cyan very ugly thing

Illustrated notes

Levels and vault maps discovered:
D:1:      heliophobic_arrival_dark_side_of_the_moon, layout_loops_corners,
          minmay_tetromino_t2
D:2:      layout_basic, lemuel_coloured_pillars_altar, uniq_terence
D:3:      layout_loops_corners, marbit_many_paths,
          chequers_temple_overflow_statue_of_worship
D:4:      layout_rooms, portal_sewer_entry_f, serial_undead, serial_undead_e,
          serial_undead_c, serial_undead_e, serial_undead_d, serial_undead_a,
          nemelex_dance_club_becter
D:5:      layout_cave_pools, uniq_blork_the_orc, uniq_sigmund
D:6:      layout_loops_cross, minmay_temple_entry_statues
D:7:      layout_basic, nicolae_overflow_hidden_temple, tgw_sif
D:8:      layout_basic, kennysheep_mini, erik_lair_orcish_takeover
D:9:      layout_roguey
D:10:     layout_basic, uniq_erica, uniq_gastronok
D:11:     layout_loops_ring, orc_david_3, serial_shops, shop_scrolls,
          grunt_ministairs_3
D:12:     minmay_tri_box, layout_stronghold, hex_large

Skill      XL: |  1  2  3  4  5  6  7  8  9 10 11 12 |
---------------+-------------------------------------+-----
Earth Magic    | 4 5 6 7 9 10 11 12 13 | 13.0
Spellcasting   | 3 4 5 6 7 8 9 |  9.4
Shields        | 1 3 7 9 10 | 10.8
Fighting       | 3 5 6 7 |  7.6
Invocations    | 3 5 7 8 |  8.0
Dodging        | |  1.7
Stealth        | |  2.4
Transmutations | |  1.1

Action                   |  1- 3 |  4- 6 |  7- 9 | 10-12 || total
-------------------------+-------+-------+-------+-------++-------
Melee: Dagger            |    42 |    34 |       |       ||    76
       Unarmed           |     5 |       |       |       ||     5
       Flail             |       |    11 |    81 |       ||    92
       Staff             |       |       |    15 |    90 ||   105
 Cast: Sandblast         |    30 |    80 |    50 |    16 ||   176
       Stone Arrow       |       |       |   100 |   242 ||   342
       Lee's Rapid Decon |       |       |     1 |     3 ||     4
       Passwall          |       |       |       |     1 ||     1
Evoke: Wand              |       |       |     1 |       ||     1
  Use: Scroll            |     2 |     1 |       |       ||     3
 Stab: Sleeping          |     1 |     1 |       |       ||     2
       Paralysed         |       |     1 |       |     6 ||     7
Armor: Robe              |    12 |    12 |    39 |    13 ||    76
Dodge: Dodged            |    43 |    59 |   109 |    49 ||   260
Block: Other             |       |       |    12 |       ||    12
       Buckler           |       |       |    31 |    10 ||    41
       Tower shield      |       |       |       |   121 ||   121
       Reflection        |       |       |       |    20 ||    20

Table legend: (Time is in decaauts)
 A = Elapsed time spent in this place.
 B = Non-inter-level travel time spent in this place.
 C = Inter-level travel time spent in this place.
 D = Time resting spent in this place.
 E = Time spent auto-exploring this place.
 F = Levels seen in this place.
 G = Mean time per level.
                   A        B        C        D        E       F      G
               +--------+--------+--------+--------+--------+-----+--------+
         Total |  16585 |  15904 |    681 |   1062 |  12157 |  12 | 1382.1 |
       Dungeon |  16585 |  15904 |    681 |   1062 |  12157 |  12 | 1382.1 |
               +--------+--------+--------+--------+--------+-----+--------+

Top non-repeatable levels by time:
    D:11: 2356 daAuts
     D:6: 1681 daAuts
     D:1: 1652 daAuts
     D:2: 1543 daAuts
     D:4: 1434 daAuts
     D:5: 1385 daAuts
     D:8: 1369 daAuts
     D:7: 1231 daAuts
     D:9: 1214 daAuts
    D:10: 1162 daAuts
     D:3: 1155 daAuts
    D:12: 398 daAuts
